TOP OF THE 1ST |
Greenville 84s batting - Pitching for Quebec City Les Bleus : RHP Michael Machen
|
Pitching: RHP Michael Machen
|
|
Batting: LHB Craig Morgan
|
0-0: Ball 1-0: Foul Ball, location: 2F 1-1: Called Strike 1-2: Ball 2-2: Fly out, F7 (Flyball, 78S)
|
Batting: LHB Danny Trautmann
|
0-0: Swinging Strike 0-1: Fly out, F7 (Flyball, 7S)
|
Batting: LHB Tim Stinson
|
0-0: SINGLE (Flyball, 5D)
|
Batting: RHB Doug Allerdale
|
0-0: Ball 1-0: Ball 2-0: Swinging Strike 2-1: Swinging Strike 2-2: Strikes out swinging
|
Top of the 1st over - 0 runs, 1 hit, 0 errors, 1 left on base; Greenville 0 - Quebec City 0 |
BOTTOM OF THE 1ST |
Quebec City Les Bleus batting - Pitching for Greenville 84s : LHP Hervé Favier
|
Pitching: LHP Hervé Favier
|
|
Batting: RHB Reg Spiers
|
0-0: Foul Ball, location: 2F 0-1: Foul Ball, location: 2F 0-2: Ball 1-2: SINGLE (Groundball, 56D)
|
Batting: LHB Jeff Simpson
|
0-0: Ground out U3 (Groundball, 3L) Reg Spiers to second
|
Batting: RHB Kameron Guangorena
|
0-0: Ball 1-0: Swinging Strike 1-1: Fly out, F6 (Line Drive, 6)
|
Batting: RHB Jack Bonner
|
0-0: Fly out, F8 (Flyball, 8RS)
|
Bottom of the 1st over - 0 runs, 1 hit, 0 errors, 1 left on base; Greenville 0 - Quebec City 0 |
TOP OF THE 2ND |
Greenville 84s batting - Pitching for Quebec City Les Bleus : RHP Michael Machen
|
Batting: LHB Kanko Umaba
|
0-0: Ball 1-0: Called Strike 1-1: Swinging Strike 1-2: Ball 2-2: Ground out 4-3 (Groundball, 4)
|
Batting: RHB Edgar Baeza
|
0-0: Ball 1-0: Foul Ball, location: 2F 1-1: Ball 2-1: Ball 3-1: Called Strike 3-2: Base on Balls
|
Batting: LHB Ijsbrand Erkelens
|
0-0: Called Strike 0-1: Ball 1-1: Ball 2-1: Swinging Strike 2-2: Fielders Choice at 2nd, 4-6 (Groundball, 4)
|
Batting: RHB Vito Middendorf
|
0-0: Called Strike 0-1: Ball 1-1: Ball 2-1: Foul Ball, location: 2F 2-2: Strikes out swinging
|
Top of the 2nd over - 0 runs, 0 hits, 0 errors, 1 left on base; Greenville 0 - Quebec City 0 |
BOTTOM OF THE 2ND |
Quebec City Les Bleus batting - Pitching for Greenville 84s : LHP Hervé Favier
|
Batting: RHB Lane McCool
|
0-0: Ball 1-0: Foul Ball, location: 2F 1-1: Fly out, F9 (Line Drive, 89M)
|
Batting: RHB Kumanosuke Asano
|
0-0: Foul Ball, location: 2F 0-1: Fly out, F8 (Flyball, 8LS)
|
Batting: RHB Cam MacIntosh
|
0-0: Ball 1-0: Foul Ball, location: 2F 1-1: Ball 2-1: Ground out 6-3 (Groundball, 6)
|
Bottom of the 2nd over - 0 runs, 0 hits, 0 errors, 0 left on base; Greenville 0 - Quebec City 0 |
TOP OF THE 3RD |
Greenville 84s batting - Pitching for Quebec City Les Bleus : RHP Michael Machen
|
Batting: RHB Scott Dourque
|
0-0: Ball 1-0: Ball 2-0: Ball 3-0: Base on Balls
|
Batting: LHB Craig Morgan
|
0-0: Ball 1-0: Ball 2-0: Called Strike 2-1: Fly out, F4 (Popup, 4M)
|
Batting: LHB Danny Trautmann
|
0-0: Ball 1-0: SINGLE (Groundball, 34D) Scott Dourque to second Runner from 2nd tries for 3rd, SAFE, no throw
|
Batting: LHB Tim Stinson
|
0-0: Ball 1-0: SINGLE (Line Drive, 78M) Scott Dourque scores Danny Trautmann to second
|
Batting: RHB Doug Allerdale
|
0-0: Ball 1-0: Foul Ball, location: 2F 1-1: Ball 2-1: Grounds into double play, 6-4-3 (Groundball, 6)
|
Top of the 3rd over - 1 run, 2 hits, 0 errors, 1 left on base; Greenville 1 - Quebec City 0 |
BOTTOM OF THE 3RD |
Quebec City Les Bleus batting - Pitching for Greenville 84s : LHP Hervé Favier
|
Batting: RHB Andrew Crosby
|
0-0: Ball 1-0: SINGLE (Groundball, 56D)
|
Batting: LHB Palaie Gaoteote
|
0-0: Ball 1-0: Foul Ball, location: 2F 1-1: Ball 2-1: Fly out, F9 (Flyball, 89S)
|
Batting: RHB Reg Spiers
|
0-0: Swinging Strike 0-1: Ball 1-1: Grounds into double play, 6-4-3 (Groundball, 56)
|
Bottom of the 3rd over - 0 runs, 1 hit, 0 errors, 0 left on base; Greenville 1 - Quebec City 0 |
TOP OF THE 4TH |
Greenville 84s batting - Pitching for Quebec City Les Bleus : RHP Michael Machen
|
Batting: LHB Kanko Umaba
|
0-0: Ball 1-0: Foul Ball, location: 2F 1-1: Foul Ball, location: 2F 1-2: Ball 2-2: Ball 3-2: SINGLE (Groundball, 6S) (infield hit)
|
Batting: RHB Edgar Baeza
|
0-0: Ball Passed Ball! Kanko Umaba to second 1-0: Ball 2-0: Swinging Strike 2-1: Called Strike 2-2: Foul Ball, location: 2F 2-2: Fly out, F8 (Flyball, 8RM)
|
Batting: LHB Ijsbrand Erkelens
|
0-0: Ground out U3 (Groundball, 3) Kanko Umaba to third
|
Batting: RHB Vito Middendorf
|
0-0: Called Strike 0-1: Swinging Strike 0-2: Ball 1-2: Ground out 4-3 (Groundball, 4)
|
Top of the 4th over - 0 runs, 1 hit, 0 errors, 1 left on base; Greenville 1 - Quebec City 0 |
BOTTOM OF THE 4TH |
Quebec City Les Bleus batting - Pitching for Greenville 84s : LHP Hervé Favier
|
Batting: LHB Jeff Simpson
|
0-0: Ball 1-0: Ball 2-0: Called Strike 2-1: Ground out 4-3 (Groundball, 4M)
|
Batting: RHB Kameron Guangorena
|
0-0: Ball 1-0: Called Strike 1-1: Ball 2-1: Ball 3-1: Base on Balls
|
Batting: RHB Jack Bonner
|
0-0: Ball 1-0: Swinging Strike 1-1: Swinging Strike 1-2: Strikes out swinging
|
Batting: RHB Lane McCool
|
0-0: Called Strike 0-1: Ball 1-1: Fly out, F3 (Popup, 3SF)
|
Bottom of the 4th over - 0 runs, 0 hits, 0 errors, 1 left on base; Greenville 1 - Quebec City 0 |
TOP OF THE 5TH |
Greenville 84s batting - Pitching for Quebec City Les Bleus : RHP Michael Machen
|
Batting: RHB Scott Dourque
|
0-0: Ground out 6-3 (Groundball, 6)
|
Batting: LHB Craig Morgan
|
0-0: Ground out 4-3 (Groundball, 4S)
|
Batting: LHB Danny Trautmann
|
0-0: Ball 1-0: Swinging Strike 1-1: Ground out 4-3 (Groundball, 4)
|
Top of the 5th over - 0 runs, 0 hits, 0 errors, 0 left on base; Greenville 1 - Quebec City 0 |
BOTTOM OF THE 5TH |
Quebec City Les Bleus batting - Pitching for Greenville 84s : LHP Hervé Favier
|
Batting: RHB Kumanosuke Asano
|
0-0: Called Strike 0-1: Fly out, F6 (Line Drive, 6)
|
Batting: RHB Cam MacIntosh
|
0-0: Called Strike 0-1: Swinging Strike 0-2: Ball 1-2: Strikes out swinging
|
Batting: RHB Andrew Crosby
|
0-0: Called Strike 0-1: Called Strike 0-2: Strikes out swinging
|
Bottom of the 5th over - 0 runs, 0 hits, 0 errors, 0 left on base; Greenville 1 - Quebec City 0 |
TOP OF THE 6TH |
Greenville 84s batting - Pitching for Quebec City Les Bleus : RHP Michael Machen
|
Batting: LHB Tim Stinson
|
0-0: Ball 1-0: Called Strike 1-1: Swinging Strike 1-2: Ball 2-2: Ground out U3 (Groundball, 3L)
|
Batting: RHB Doug Allerdale
|
0-0: Ball 1-0: Ball 2-0: SINGLE (Groundball, 5D)
|
Batting: LHB Kanko Umaba
|
0-0: Called Strike 0-1: SINGLE (Line Drive, 6MD) Doug Allerdale to second
|
Batting: RHB Edgar Baeza
|
0-0: Called Strike 0-1: SINGLE (Groundball, 6D) Doug Allerdale to third Kanko Umaba to second
|
Batting: LHB Ijsbrand Erkelens
|
0-0: SINGLE (Line Drive, 9S) Doug Allerdale scores Kanko Umaba to third Edgar Baeza to second Runner from 3rd tries for Home, SAFE, no throw
|
Batting: RHB Vito Middendorf
|
0-0: Called Strike 0-1: Swinging Strike 0-2: Grounds into double play, 5-4-3 (Groundball, 5)
|
Top of the 6th over - 2 runs, 4 hits, 0 errors, 1 left on base; Greenville 3 - Quebec City 0 |
BOTTOM OF THE 6TH |
Quebec City Les Bleus batting - Pitching for Greenville 84s : LHP Hervé Favier
|
Batting: LHB Palaie Gaoteote
|
0-0: Called Strike 0-1: Called Strike 0-2: Ball 1-2: Ball 2-2: Strikes out swinging
|
Batting: RHB Reg Spiers
|
0-0: Called Strike 0-1: SINGLE (Groundball, 56S) (infield hit)
|
Batting: LHB Jeff Simpson
|
0-0: Called Strike 0-1: Ball 1-1: Ball 2-1: Ball 3-1: Called Strike 3-2: Fly out, F4 (Line Drive, 34)
|
Batting: RHB Kameron Guangorena
|
0-0: DOUBLE (Line Drive, 89D) Reg Spiers to third Runner from 3rd tries for Home, SAFE, no throw
|
Batting: RHB Jack Bonner
|
0-0: Called Strike 0-1: SINGLE (Line Drive, 8LS) Kameron Guangorena to third
|
Batting: RHB Lane McCool
|
0-0: Ball 1-0: Called Strike 1-1: Called Strike 1-2: Ball 2-2: Ball 3-2: Ground out 6-3 (Groundball, 6)
|
Bottom of the 6th over - 1 run, 3 hits, 0 errors, 2 left on base; Greenville 3 - Quebec City 1 |
TOP OF THE 7TH |
Greenville 84s batting - Pitching for Quebec City Les Bleus : RHP Michael Machen
|
Batting: RHB Scott Dourque
|
0-0: Ball 1-0: Called Strike 1-1: Fly out, F9 (Flyball, 9)
|
Batting: LHB Craig Morgan
|
0-0: Ball 1-0: Foul Ball, location: 2F 1-1: SOLO HOME RUN (Flyball, 89XD), Distance : 392 ft
|
Batting: LHB Danny Trautmann
|
0-0: Called Strike 0-1: Ball 1-1: Swinging Strike 1-2: Strikes out swinging
|
Batting: LHB Tim Stinson
|
0-0: SINGLE (Line Drive, 6)
|
Batting: RHB Doug Allerdale
|
0-0: SINGLE (Line Drive, 6M) Tim Stinson to second Runner from 2nd tries for 3rd, SAFE, no throw
|
Pitching: RHP Stanley Eldrige
|
|
Batting: LHB Kanko Umaba
|
0-0: Ball 1-0: Foul Ball, location: 2F 1-1: Called Strike 1-2: Fly out, F6 (Popup, 6)
|
Top of the 7th over - 1 run, 3 hits, 0 errors, 2 left on base; Greenville 4 - Quebec City 1 |
BOTTOM OF THE 7TH |
Quebec City Les Bleus batting - Pitching for Greenville 84s : LHP Hervé Favier
|
Batting: RHB Kumanosuke Asano
|
0-0: Called Strike 0-1: Called Strike 0-2: Fly out, F7 (Flyball, 78S)
|
Batting: RHB Cam MacIntosh
|
0-0: Ball 1-0: Called Strike 1-1: Foul Ball, location: 2F 1-2: Ground out 4-3 (Groundball, 4)
|
Batting: RHB Andrew Crosby
|
0-0: Ball 1-0: Called Strike 1-1: Ball 2-1: Ball 3-1: DOUBLE (Line Drive, 9LS)
|
Pitching: LHP Brandeis Vogt
|
|
Batting: LHB Palaie Gaoteote
|
0-0: Ball 1-0: SINGLE (Flyball, 89S) Andrew Crosby to third Runner from 3rd tries for Home, SAFE, no throw
|
Batting: RHB Reg Spiers
|
0-0: Foul Ball, location: 2F 0-1: Called Strike 0-2: Foul Ball, location: 2F 0-2: SINGLE (Groundball, 34S) (infield hit) Palaie Gaoteote to second
|
Pinch Runner at 2nd Scott Janousek:
|
|
Batting: LHB Jeff Simpson
|
0-0: Ground out 3-1 (Groundball, 34S)
|
Bottom of the 7th over - 1 run, 3 hits, 0 errors, 2 left on base; Greenville 4 - Quebec City 2 |
TOP OF THE 8TH |
Greenville 84s batting - Pitching for Quebec City Les Bleus : RHP Stanley Eldrige
|
Now at 1B: Scott Janousek
|
|
Batting: RHB Edgar Baeza
|
0-0: Swinging Strike 0-1: Foul Ball, location: 2F 0-2: Fly out, F7 (Flyball, 7D)
|
Batting: LHB Ijsbrand Erkelens
|
0-0: Ball 1-0: Swinging Strike 1-1: Foul Ball, location: 2F 1-2: Ball 2-2: Ball 3-2: Foul Ball, location: 2F 3-2: Ground out U3 (Groundball, 3)
|
Batting: RHB Vito Middendorf
|
0-0: Ball 1-0: Called Strike 1-1: Ball 2-1: Called Strike 2-2: Foul Ball, location: 2F 2-2: Ball 3-2: Foul Ball, location: 2F 3-2: Strikes out swinging
|
Top of the 8th over - 0 runs, 0 hits, 0 errors, 0 left on base; Greenville 4 - Quebec City 2 |
BOTTOM OF THE 8TH |
Quebec City Les Bleus batting - Pitching for Greenville 84s : LHP Brandeis Vogt
|
Batting: RHB Kameron Guangorena
|
0-0: Ball 1-0: SOLO HOME RUN (Line Drive, 9LD), Distance : 350 ft
|
Batting: RHB Jack Bonner
|
0-0: Fly out, F9 (Flyball, 9S)
|
Batting: RHB Lane McCool
|
0-0: Ball 1-0: Ball 2-0: Fly out, F7 (Flyball, 7D)
|
Batting: RHB Kumanosuke Asano
|
0-0: Ball 1-0: Ball 2-0: Called Strike 2-1: Called Strike 2-2: Strikes out swinging
|
Bottom of the 8th over - 1 run, 1 hit, 0 errors, 0 left on base; Greenville 4 - Quebec City 3 |
TOP OF THE 9TH |
Greenville 84s batting - Pitching for Quebec City Les Bleus : RHP Stanley Eldrige
|
Batting: RHB Scott Dourque
|
0-0: Called Strike 0-1: Called Strike 0-2: Strikes out swinging
|
Batting: LHB Craig Morgan
|
0-0: Ball 1-0: Ball 2-0: Ball 3-0: Called Strike 3-1: Called Strike 3-2: Base on Balls
|
Batting: LHB Danny Trautmann
|
0-0: Foul Ball, location: 2F 0-1: Ball Craig Morgan steals 2nd base 1-1: Called Strike 1-2: Ball 2-2: Foul Ball, location: 2F 2-2: Ball 3-2: Foul Ball, location: 2F 3-2: Fly out, F8 (Flyball, 8LD)
|
Batting: LHB Tim Stinson
|
0-0: Foul Ball, location: 2F 0-1: Ball 1-1: Called Strike 1-2: Ball 2-2: Ball 3-2: Strikes out swinging
|
Top of the 9th over - 0 runs, 0 hits, 0 errors, 1 left on base; Greenville 4 - Quebec City 3 |
BOTTOM OF THE 9TH |
Quebec City Les Bleus batting - Pitching for Greenville 84s : LHP Brandeis Vogt
|
Batting: RHB Cam MacIntosh
|
0-0: Ball 1-0: Ball 2-0: Called Strike 2-1: Fly out, F8 (Flyball, 8RS)
|
Batting: RHB Andrew Crosby
|
0-0: SINGLE (Flyball, 89S)
|
Batting: LHB Scott Janousek
|
0-0: Ball 1-0: Called Strike 1-1: Ball 2-1: Ball 3-1: DOUBLE (Flyball, 8RXD) Andrew Crosby to third Runner from 3rd tries for Home, SAFE, no throw
|
Batting: RHB Reg Spiers
|
0-0: Called Strike 0-1: Foul Ball, location: 2F 0-2: Foul Ball, location: 2F 0-2: Ball 1-2: Reached on error, E6 (Groundball, 6) Scott Janousek to third
|
Batting: LHB Jeff Simpson
|
0-0: Called Strike 0-1: SINGLE (Groundball, 34) (infield hit) Scott Janousek scores
|
Friday, March 29th, 2019 - OOTP Baseball 18.8 Build 76
|
|